 Dungeon Crawl Stone Soup version 0.30-a0-1053-gbd8d5ba0ad (webtiles) character file.

Game seed: 18208351101770275888

100 quinnr the Gusty (level 4, 0/21 HPs)
             Began as a Vine Stalker Air Elementalist on Apr 11, 2023.
             Was an Initiate of Sif Muna.
             Slain by a black bear (3 damage)
             ... on level 2 of the Dungeon.
             The game lasted 00:06:25 (2396 turns).

quinnr the Gusty (Vine Stalker Air Elementalist)    Turns: 2396, Time: 00:06:25

Health: 0/21       AC:  4    Str: 10    XL:     4   Next: 74%
Magic:  0/8        EV: 12    Int: 17    God:    Sif Muna [......]
Gold:   43         SH:  0    Dex: 15    Spells: 4/7 levels left

rFire   . . .      SeeInvis .    d - staff of poison {!a}
rCold   + . .      Faith    .    (no shield)
rNeg    . . .      Spirit   +    a - +0 robe
rPois   +          Reflect  .    (no helmet)
rElec   .          Rampage  .    (no cloak)
rCorr   .                        b - +2 pair of gloves
Will    .....                    (no boots)
Stlth   ++                       (no amulet)
HPRegen 1.03/turn                C - ring of protection from cold
MPRegen 0.11/turn                (no ring)

@: no status effects
A: fangs 2, regeneration 1, magic shield, antimagic bite, no potion heal 2,
deformed body, wild magic 1, evolution 1, MP-powered wands
a: Renounce Religion


You were on level 2 of the Dungeon.
You worshipped Sif Muna.
Sif Muna was noncommittal.
You visited 1 branch of the dungeon, and saw 2 of its levels.

You collected 43 gold pieces.


Innate Abilities, Weirdness & Mutations

You have extremely sharp teeth.
Your natural rate of healing is unusually fast.
When hurt, damage is shared between your health and your magic reserves.
Your bite disrupts and absorbs the magic of your enemies.
Potions cannot restore your health.
Armour fits poorly on your strangely shaped body.
Your spells are a little harder to cast, but a little more powerful.
You have hidden genetic potential.
You expend magic power (3 MP) to strengthen your wands.


   Skills:
 + Level 0.1 Fighting
 + Level 1.6 Dodging
 + Level 2.5 Stealth
 - Level 2.1 Spellcasting
 - Level 1.0 Conjurations
 + Level 4.1 Air Magic
 - Level 1.8 Poison Magic
 + Level 1.7 Evocations


You had 4 spell levels left.
You knew the following spells:

 Your Spells              Type           Power      Damage    Failure   Level
t - Static Discharge      Conj/Air       26%        2-4/arc   14%         2
z - Shock                 Conj/Air       52%        1d6       11%         1

Your spell library contained the following spells:

 Spells                   Type           Power      Damage    Failure   Level
 Swiftness                Air            20%        N/A       16%         3
 Momentum Strike          Conj/Tloc      8%         3d8       32%         2
 Blink                    Tloc           4%         N/A       36%         2
 Lesser Beckoning         Tloc           4%         N/A       36%         2
 Airstrike                Air            10%        2d(2-18)  43%         4

Inventory:

Armour
 a - a +0 robe (worn)
 b - a +2 pair of gloves (worn)
Magical Staves
 d - a staff of poison (weapon) {!a}
Jewellery
 C - a ring of protection from cold (left hand)
Scrolls
 f - 2 scrolls of enchant armour
 g - a scroll of fog {unknown}
 h - a scroll of teleportation {@r2}
 k - a scroll of brand weapon {unknown}
 m - a scroll of acquirement {unknown}
Potions
 c - 3 potions of heal wounds {unknown}
 e - 2 potions of haste {unknown}
 i - a potion of curing {@q1}
 j - a potion of attraction {unknown}

Dungeon Overview and Level Annotations

Branches:
Dungeon (2/15)

Altars:
Sif Muna

Annotations:
D:2 2 exclusions, Sigmund

#....# #.# #....# #.#
#....# #.# ##'### #.# #.#
#.# ########.♣♣♣♣♣#.#
#>......♣PP♣♣.♣.# #
#######......#♣♣......# #
.........h@...♣.♣P.♣♣.#####
#######.#####..♣♣♣♣♣.......
#.### #####.######### #...#
#....###### #.#.####
##...'..... #......#
#...###### #..#.#h###
#...### # #...#.#...#
#.....# # #.###.###.#
##....#


You could see a black bear (berserk).


Message History

The black bear is severely wounded.
The black bear bites you! The black bear closely misses you.
The black bear barely misses you. The black bear bites you.
The black bear closely misses you. The black bear claws you.
* * * LOW HITPOINT WARNING * * *
Unknown command.
Casting: Shock (safe; 11% risk of failure)
Confirm with . or Enter, or press ? or * to list all spells.
You don't know that spell.
Casting: Shock (safe; 11% risk of failure)
Confirm with . or Enter, or press ? or * to list all spells.
Aiming: Shock (safe; 11% risk of failure)
Press: ? - help, Shift-Dir - straight line The zap hits the black bear.
The black bear is almost dead.
The black bear bites you.
* * * LOW HITPOINT WARNING * * *
The black bear claws you.
* * * LOW HITPOINT WARNING * * *
The black bear claws you but does no damage.
Unknown command.
Casting: Shock (safe; 11% risk of failure)
Confirm with . or Enter, or press ? or * to list all spells.
Aiming: Shock (safe; 11% risk of failure)
Press: ? - help, Shift-Dir - straight line The zap hits the black bear.
The black bear is almost dead.
The black bear bites you but does no damage.
The black bear claws you.
You die...

Skill      XL: |  1  2  3 |
---------------+----------+-----
Poison Magic   | 1 |  1.8
Evocations     | 1 |  1.7
Air Magic      | 4 |  4.1
Fighting       | |  0.1
Dodging        | |  1.6
Stealth        | |  2.5
Spellcasting   | |  2.1
Conjurations   | |  1.0

Action                     |  1- 3 |  4- 6 || total
---------------------------+-------+-------++-------
  Melee: Staff             |    12 |     1 ||    13
   Cast: Shock             |    45 |    25 ||    70
    Use: Scroll            |     5 |     1 ||     6
         Potion            |     3 |       ||     3
 Armour: Skin              |    27 |       ||    27
         Robe              |     3 |     2 ||     5
  Dodge: Dodged            |    17 |     5 ||    22

Levels and vault maps discovered:
D:1:      dpeg_arrival_boxorama, layout_basic,
          shapermc_ecumenical_altar_starsandcircs
D:2:      layout_basic, basic_altar, serial_forest,
          infiniplex_forest_clump_tiny, infiniplex_forest_lined_3_way,
          infiniplex_forest_end_1, infiniplex_forest_end_3,
          infiniplex_forest_straight_5, grunt_decor_cap, uniq_natasha,
          uniq_sigmund, uniq_jessica

Notes
Turn   | Place    | Note
-------+----------+-------------------------------------------
     0 | D:1      | quinnr the Vine Stalker Air Elementalist began the quest
                  | for the Orb.
     0 | D:1      | Reached XP level 1. HP: 9/9 MP: 4/4
   348 | D:1      | Found a faded altar of an unknown god.
   396 | D:1      | Reached XP level 2. HP: 13/13 MP: 1/6
  1043 | D:2      | Reached XP level 3. HP: 12/16 MP: 0/7
  1231 | D:2      | Noticed a black bear
  1434 | D:2      | Found a shimmering blue altar of Sif Muna.
  1444 | D:2      | Reached skill level 1 in Poison Magic
  1444 | D:2      | Reached skill level 1 in Evocations
  1444 | D:2      | Noticed Natasha
  1464 | D:2      | HP: 2/24 [Natasha/magic dart (5)]
  1465 | D:2      | Killed Natasha
  1633 | D:2      | Gained mutation: Armour fits poorly on your strangely
                  | shaped body. [potion of mutation]
  1633 | D:2      | Gained mutation: You have hidden genetic potential. [potion
                  | of mutation]
  1633 | D:2      | Gained mutation: Your spells are a little harder to cast,
                  | but a little more powerful. [potion of mutation]
  1637 | D:2      | Became a worshipper of Sif Muna the Loreminder
  1847 | D:2      | Reached skill level 4 in Air Magic
  1847 | D:2      | Gained mutation: Your natural rate of healing is unusually
                  | fast. [Vine Stalker growth]
  1847 | D:2      | Reached XP level 4. HP: 21/21 MP: 3/8
  2001 | D:2      | Noticed Sigmund
  2162 | D:2      | Noticed Jessica
  2168 | D:2      | Killed Jessica
  2172 | D:2      | Learned a level 2 spell: Static Discharge
  2174 | D:2      | Gained mutation: You expend magic power (3 MP) to
                  | strengthen your wands. [hidden potential]
  2395 | D:2      | HP: 2/21 [black bear (3)]
  2396 | D:2      | Slain by a black bear

Vanquished Creatures
  Jessica (D:2)
  Natasha (D:2)
  2 adders (D:2)
  A worm (D:2)
  An endoplasm (D:1)
  A giant cockroach (D:2)
  2 goblins (D:1)
  A hobgoblin (D:2)
  2 jackals (D:1)
  4 kobolds
  A quokka (D:1)
  4 ball pythons (D:2)
  4 bats
  5 frilled lizards
  A rat (D:2)
31 creatures vanquished.

Vanquished Creatures (others)
  A plant (D:2)
1 creature vanquished.

Grand Total: 32 creatures vanquished

Table legend: (Time is in decaauts)
 A = Elapsed time spent in this place.
 B = Non-inter-level travel time spent in this place.
 C = Inter-level travel time spent in this place.
 D = Time resting spent in this place.
 E = Time spent auto-exploring this place.
 F = Levels seen in this place.
 G = Mean time per level.
                   A        B        C        D        E       F      G
               +--------+--------+--------+--------+--------+-----+--------+
         Total |   2398 |   2344 |     54 |    455 |   1583 |   2 | 1199.0 |
       Dungeon |   2398 |   2344 |     54 |    455 |   1583 |   2 | 1199.0 |
               +--------+--------+--------+--------+--------+-----+--------+

Top non-repeatable levels by time:
     D:2: 1200 daAuts
     D:1: 1198 daAuts

Table legend:
 A = Non-vault XP
 B = Vault XP
 C = Vault XP percentage of total XP
 D = Non-vault monster count
 E = Vault monster count
 F = Vault count percentage of total count
                 A         B        C        D         E       F
            +---------+---------+-------+---------+---------+-------
      Total |      72 |      72 |  50.0 |      29 |       2 |   6.5
            +---------+---------+-------+---------+---------+-------
        D:1 |      19 |       0 |   0.0 |      12 |       0 |   0.0
        D:2 |      53 |      72 |  57.6 |      17 |       2 |  10.5
            +---------+---------+-------+---------+---------+-------
